 Dungeon Crawl Stone Soup version 0.26-a0-931-g326f72de0d (webtiles) character file.

Game seed: 6965042862718616756

46 sahdkjhfkaj the Vandal (level 3, 0/17 HPs)
             Began as a Spriggan Arcane Marksman on Nov 26, 2020.
             Slain by an adder (5 damage)
             ... on level 2 of the Dungeon.
             The game lasted 00:05:43 (1303 turns).

sahdkjhfkaj the Vandal (Spriggan Arcane Marksman)   Turns: 1303, Time: 00:05:45

Health: 0/17       AC:  2    Str:  6    XL:     3   Next: 46%
Magic:  1/6        EV: 18    Int: 15    God:
Gold:   11         SH:  0    Dex: 16    Spells: 1/4 levels left

rFire    . . .     SeeInvis +   a - +0 hunting sling
rCold    . . .     Faith    .   (shield restricted)
rNeg     . . .     Spirit   .   e - +0 robe
rPois    .         Reflect  .   (helmet restricted)
rElec    .         Harm     .   (no cloak)
rCorr    .         Rampage  .   (gloves unavailable)
MR       .....                  (boots unavailable)
Stlth    ++........             (no amulet)
HPRegen  0.05/turn              (no ring)
MPRegen  0.10/turn              (no ring)

@: lethally poisoned (0 -> -3), very quick
A: very small, unfitting armour, see invisible, speed 3
a: no special abilities


You were on level 2 of the Dungeon.
You visited 1 branch of the dungeon, and saw 2 of its levels.

You collected 11 gold pieces.

Inventory:

Hand Weapons
 a - a +0 hunting sling (weapon)
 b - a +0 dagger
Missiles
 d - 19 sling bullets
 h - 18 stones (quivered)
Armour
 e - a +0 robe (worn)
Jewellery
 c - an uncursed ring of protection from cold {unknown}
 g - an uncursed amulet of magic regeneration {unknown}
 l - an uncursed ring of wizardry {unknown}
Potions
 f - a potion of haste {!q}
 i - a potion of brilliance {!q}


   Skills:
 - Level 0.7 Fighting
 - Level 4.0 Slings
 - Level 3.0 Dodging
 + Level 3.1 Stealth
 - Level 1.3 Spellcasting
 - Level 3.6 Hexes


You had one spell level left.
You knew the following spells:

 Your Spells              Type           Power        Failure   Level
a - Corona                Hex            ##.....      5%          1
b - Slow                  Hex            ##......     9%          2

Your spell library contained the following spells:

 Spells                   Type           Power        Failure   Level
 Inner Flame              Hex/Fire       #.......     34%         3
 Portal Projectile        Hex/Tloc       #.....       34%         3
 Cause Fear               Hex            ##........   47%         4
 Leda's Liquefaction      Hex/Erth       #.........   75%         4


Dungeon Overview and Level Annotations

Branches:
Dungeon (2/15)

Altars:


Innate Abilities, Weirdness & Mutations

You are very small and have problems with some larger weapons.
You are too small for most types of armour.
You have supernaturally acute eyesight. (SInv)
You cover ground extremely quickly.


Message History

Unknown command.
Fire: 21 stones
Press: ? - help, Q - select action, (/) - cycle Shift-Dir - straight line, f/p - adder
Aim: an adder (severely wounded)
You shoot a stone. The stone misses the adder.
The adder closely misses you.
Unknown command.
Fire: 20 stones
Press: ? - help, Q - select action, (/) - cycle Shift-Dir - straight line, f/p - adder
Aim: an adder (severely wounded)
You shoot a stone. The stone hits the adder.
The adder is almost dead.
You feel sick. The adder closely misses you.
Unknown command.
Fire: 19 stones
Press: ? - help, Q - select action, (/) - cycle Shift-Dir - straight line, f/p - adder
Aim: an adder (almost dead)
You shoot a stone. The stone closely misses the adder.
The adder closely misses you. The adder bites you.
You die...

#.#
#######..#
#######.(#
........<#
########.#
#.# #(#
#.# #S#
#@# ###


You could see an adder.

Vanquished Creatures
  An adder (D:2)
  An ooze (D:1)
  2 dart slugs
  6 hobgoblins (D:1)
  5 bats
  2 frilled lizards (D:1)
  7 goblins
  2 kobolds (D:1)
  2 rats
28 creatures vanquished.

Notes
Turn   | Place    | Note
-------+----------+-------------------------------------------
     0 | D:1      | sahdkjhfkaj the Spriggan Arcane Marksman began the quest
                  | for the Orb.
     0 | D:1      | Reached XP level 1. HP: 9/9 MP: 3/3
   139 | D:1      | Reached skill level 3 in Slings
   265 | D:1      | Reached XP level 2. HP: 14/14 MP: 3/5
   331 | D:1      | Learned a level 2 spell: Slow
   608 | D:1      | Reached skill level 4 in Slings
   738 | D:1      | Reached skill level 1 in Stealth
   866 | D:1      | Reached XP level 3. HP: 14/17 MP: 2/6
  1303 | D:2      | Slain by an adder

Illustrated notes

Levels and vault maps discovered:
D:1:      minmay_arrival_cross, layout_loops_ring
D:2:      layout_basic, xom_teletrap_fun

Skill      XL: |  1  2  3 |
---------------+----------+-----
Slings         | 3 4 |  4.0
Stealth        | 1 3 |  3.1
Fighting       | |  0.7
Dodging        | |  3.0
Spellcasting   | |  1.3
Hexes          | |  3.6

Action                   || total
-------------------------++-------
 Fire: Hunting sling     ||    98
 Cast: Corona            ||    17
       Slow              ||     7
  Use: Scroll            ||     2
       Potion            ||     1
Armor: Robe              ||     2
Dodge: Dodged            ||    22

Table legend: (Time is in decaauts)
 A = Elapsed time spent in this place.
 B = Non-inter-level travel time spent in this place.
 C = Inter-level travel time spent in this place.
 D = Time resting spent in this place.
 E = Time spent auto-exploring this place.
 F = Levels seen in this place.
 G = Mean time per level.
                   A        B        C        D        E       F      G
               +--------+--------+--------+--------+--------+-----+--------+
         Total |   1028 |   1016 |     12 |    147 |    552 |   2 |  514.0 |
       Dungeon |   1028 |   1016 |     12 |    147 |    552 |   2 |  514.0 |
               +--------+--------+--------+--------+--------+-----+--------+

Top non-repeatable levels by time:
     D:1: 848 daAuts
     D:2: 180 daAuts
